 Dungeon Crawl Stone Soup version 0.27.1-35-g4d5d836560 (webtiles) character file.

Game seed: 10831301944523649723

2257 Delamore the Thrower (level 9, 0/61 HPs)
             Began as an Octopode Brigand on July 26, 2022.
             Slain by an ice beast (4 damage)
             ... on level 5 of the Dungeon.
             The game lasted 00:09:58 (8159 turns).

Delamore the Thrower (Octopode Brigand)             Turns: 8159, Time: 00:09:58

Health: 0/61       AC:  1    Str: 10    XL:     9   Next: 37%
Magic:  9/9        EV: 15    Int: 14    God:
Gold:   128        SH:  0    Dex: 16    Spells: 8/8 levels left

rFire    . . .     SeeInvis .   B - +1 whip (freeze)
rCold    . . .     Faith    .   (no shield)
rNeg     . . .     Spirit   .   (helmet restricted)
rPois    .         Reflect  .   (no amulet)
rElec    .         Harm     .   (no ring)
rCorr    .         Rampage  .   (no ring)
Will     .....                  (no ring)
Stlth    ++++......             (no ring)
HPRegen  0.20/turn              (no ring)
MPRegen  0.11/turn              (no ring)
                                (no ring)
                                (no ring)

@: unable to read
A: almost no armour, amphibious, 8 rings, camouflage 1, gelatinous body 1,
(nimble swimmer 1), tentacles, subdued magic 1, inability to read while
threatened
a: no special abilities


You were on level 5 of the Dungeon.
You visited 1 branch of the dungeon, and saw 7 of its levels.

You collected 219 gold pieces.
You spent 91 gold pieces at shops.

Inventory:

Hand Weapons
 a - a +2 dagger
 b - a +0 flail of protection
 e - a +2 dagger of holy wrath
 t - a +2 dagger of venom
 z - a +1 hand axe of electrocution
 A - a +2 hand axe of draining
 B - a +1 whip of freezing (weapon)
Missiles
 l - 164 stones
 y - 2 curare-tipped darts
 D - 4 poisoned darts (quivered)
Armour
 s - a +2 kite shield
Wands
 u - a wand of mindburst (9)
Scrolls
 c - a scroll of identify
 d - a scroll of fear
 g - 3 scrolls of enchant armour
 h - a scroll of noise {unknown}
 o - 4 scrolls of teleportation
 p - a scroll of magic mapping
 r - a scroll of immolation {unknown}
 w - a scroll of holy word {unknown}
 x - a scroll of enchant weapon {unknown}
Potions
 f - 2 potions of resistance {unknown}
 i - a potion of heal wounds
 j - a potion of invisibility {unknown}
 k - 3 potions of curing
 m - a potion of brilliance {unknown}
 n - a potion of haste {unknown}
 q - 5 potions of mutation
 v - a potion of degeneration {unknown}
 C - a potion of lignification {unknown}


   Skills:
 - Level 5.0 Fighting
 - Level 2.0 Short Blades
 + Level 0.0 Maces & Flails
 - Level 10.0 Throwing
 - Level 5.0 Dodging
 - Level 5.9 Stealth
 - Level 1.5 Shields


You had 8 spell levels left.
You didn't know any spells.
Your spell library contained the following spells:

 Spells                   Type           Power      Damage    Failure   Level
 Freeze                   Ice            0%         1d3       24%         1
 Summon Small Mammal      Summ           0%         N/A       24%         1
 Blink                    Tloc           N/A        N/A       36%         2
 Slow                     Hex            0%         N/A       36%         2
 Call Canine Familiar     Summ           0%         N/A       61%         3
 Confusing Touch          Hex            0%         N/A       61%         3
 Frozen Ramparts          Ice            0%         1d2       61%         3
 Lesser Beckoning         Tloc           0%         N/A       61%         3
 Summon Guardian Golem    Hex/Summ       0%         N/A       61%         3
 Tukima's Dance           Hex            0%         N/A       61%         3
 Hailstorm                Conj/Ice       0%         3d3       95%         4
 Passage of Golubria      Tloc           N/A        N/A       95%         4
 Blade Hands              Tmut           0%         N/A       100%        5
 Manifold Assault         Tloc           0%         N/A       100%        5
 Yara's Violent Unravell  Hex/Tmut       0%         3d3       100%        5
 Iron Shot                Conj/Erth      0%         9d1       100%        6
 Animate Armour           Summ/Erth      Unusable   N/A       N/A         4

Dungeon Overview and Level Annotations

Branches:
Dungeon (7/15)             Temple (0/1) D:7

Altars:
Lugonu

Shops:
D:1 *

Portals:
Abyss: D:4


Innate Abilities, Weirdness & Mutations

You cannot wear most types of armour.
You are amphibious.
You can wear up to eight rings at the same time.
Your skin changes colour to match your surroundings (Stealth+).
Your rubbery body absorbs attacks. (AC +1, EV +1)
((You are camouflaged near water. (Stealth+)))
You have tentacles for arms and can constrict up to eight enemies at once.
Your spells are a little easier to cast, but a little less powerful.
You sometimes lose the ability to read scrolls when taking damage.


Message History

You hit the ice beast but do no damage.
The ice beast is moderately wounded.
The ice beast barely misses you.
You hit the ice beast but do no damage.
The ice beast is moderately wounded.
The ice beast closely misses you.
You barely miss the ice beast.
The ice beast is moderately wounded.
The ice beast barely misses you.
The ice beast hits you but does no damage.
You closely miss the ice beast.
You squeeze the ice beast, but do no damage.
The ice beast is moderately wounded.
The ice beast barely misses you.
An ice beast is nearby!
You closely miss the ice beast. You squeeze the ice beast!
The ice beast is severely wounded.
The ice beast hits you. The ice beast freezes you.
You feel threatened and lose the ability to read scrolls!
You hit the ice beast but do no damage.
The ice beast is severely wounded.
The ice beast hits you. The ice beast freezes you!
You hit the ice beast.
You squeeze the ice beast, but do no damage.
The ice beast is almost dead.
The ice beast hits you. The ice beast freezes you!
You are too injured to fight recklessly!
You hit the ice beast but do no damage.
The ice beast is almost dead.
The ice beast barely misses you.
You barely miss the ice beast.
The ice beast is almost dead.
The ice beast hits you.
* * * LOW HITPOINT WARNING * * *
The ice beast freezes you!
* * * LOW HITPOINT WARNING * * *
You hit the ice beast but do no damage.
The ice beast is almost dead.
The ice beast hits you.
You die...

...## ##..........##
##.[### # ...#
##.........# #.)# ###
...# #..)......#
#..###.. ..#
#.........## #....... ..
#..######..# #........
#..#### #..#..........
###.....###.............
#.......................
.......@......#######...
......Y.......# #...
..............# ##..
......#####....# #..
...### ##..... #. .###..
# .# ##


You could see an ice beast.

Vanquished Creatures
  A two-headed ogre (D:5)
  Pikel (D:5)
  Menkaure (D:7)
  A water moccasin (D:5)
  A black bear (D:6)
  An ogre (D:5)
  A necrophage (D:5)
  A centaur (D:5)
  2 lemures (D:5)
  A wyvern zombie (D:5)
  2 scorpions
  A gnoll shaman (D:4)
  2 hounds
  An orc priest (D:7)
  Crazy Yiuf (D:2)
  Ijyb (D:3)
  2 orc wizards
  Terence (D:2)
  6 gnolls
  3 adders
  A howler monkey skeleton (D:5)
  A shadow imp (D:5)
  An ufetubus (D:4)
  An adder skeleton (D:4)
  A worm (D:2)
  2 dart slugs (D:1)
  15 orcs
  5 ball pythons
  2 bats (D:1)
  5 endoplasms
  3 giant cockroaches
  11 goblins
  2 hobgoblins
  4 jackals
  6 quokkas
  5 frilled lizards
  7 kobolds
  A quokka skeleton (D:4)
  A spectral kobold (D:1)
105 creatures vanquished.

Vanquished Creatures (others)
  2 lurking horrors (D:4)
2 creatures vanquished.

Grand Total: 107 creatures vanquished

Notes
Turn   | Place    | Note
-------+----------+-------------------------------------------
     0 | D:1      | Delamore the Octopode Brigand began the quest for the Orb.
     0 | D:1      | Reached XP level 1. HP: 14/14 MP: 1/1
    13 | D:1      | Found Zehareigh's General Store.
   210 | D:1      | Reached XP level 2. HP: 19/20 MP: 2/2
   675 | D:1      | Found a faded altar of an unknown god.
   777 | D:1      | Reached XP level 3. HP: 25/25 MP: 3/3
  1227 | D:2      | Noticed Terence
  1233 | D:2      | Killed Terence
  1381 | D:2      | Reached XP level 4. HP: 30/31 MP: 4/4
  2043 | D:2      | Found a runed translucent door.
  2044 | D:2      | Noticed Crazy Yiuf
  2054 | D:2      | Killed Crazy Yiuf
  2284 | D:1      | Bought a scroll of magic mapping for 49 gold pieces
  2692 | D:3      | Noticed Ijyb
  2702 | D:3      | Killed Ijyb
  2703 | D:3      | Reached XP level 5. HP: 8/37 MP: 5/5
  3530 | D:1      | Bought a scroll of teleportation for 42 gold pieces
  3996 | D:4      | Reached XP level 6. HP: 31/44 MP: 6/6
  4646 | D:4      | You fall into a shaft and drop 3 floors!
  4849 | D:7      | Noticed Menkaure
  4856 | D:7      | Killed Menkaure
  4857 | D:7      | Reached skill level 3 in Throwing
  4857 | D:7      | Reached XP level 7. HP: 14/49 MP: 7/7
  5216 | D:6      | Reached skill level 5 in Fighting
  5379 | D:6      | Reached skill level 4 in Throwing
  5379 | D:6      | Reached skill level 5 in Dodging
  5546 | D:5      | Entered Level 5 of the Dungeon
  5651 | D:5      | Noticed Pikel
  5661 | D:5      | Killed Pikel
  5662 | D:5      | Reached skill level 6 in Throwing
  5662 | D:5      | Reached XP level 8. HP: 31/55 MP: 8/8
  5679 | D:5      | Reached skill level 7 in Throwing
  6203 | D:5      | Noticed a two-headed ogre
  6222 | D:5      | Killed a two-headed ogre
  6223 | D:5      | Reached skill level 9 in Throwing
  6223 | D:5      | Reached XP level 9. HP: 41/61 MP: 9/9
  6733 | D:4      | Found a one-way gate to the infinite horrors of the Abyss.
  6734 | D:4      | Found a corrupted altar of Lugonu.
  7389 | D:5      | Reached skill level 10 in Throwing
  7543 | D:5      | HP: 3/61 [acid (10)]
  7547 | D:5      | Gained mutation: You sometimes lose the ability to read
                  | scrolls when taking damage. [potion of mutation]
  7547 | D:5      | Gained mutation: Your spells are a little easier to cast,
                  | but a little less powerful. [potion of mutation]
  7819 | D:5      | Reached skill level 1 in Shields
  8158 | D:5      | HP: 3/61 [ice beast (11)]
  8159 | D:5      | Slain by an ice beast

Illustrated notes

Levels and vault maps discovered:
D:1:      lemuel_arrival_room, layout_loops_cross, serial_shops,
          nicolae_diamond_shop, dreamdust_ecumenical_altar_drowned_temple
D:2:      layout_loops_corners, uniq_crazy_yiuf_cottage, uniq_terence
D:3:      layout_basic, minmay_statues_item, uniq_ijyb
D:4:      layout_cave_pools, amcnicky_altar_lugonu_corruption
D:5:      layout_layer_cave, minmay_starry_boxes, uniq_pikel
D:6:      layout_basic, mainiacjoe_overflow_alcove_2, minmay_liquid_box,
          minivault_14
D:7:      layout_cave_pods, grunt_temple_overflow_cloverleaf,
          minmay_temple_entry_from_below_a, minivault_24,
          minmay_a_box_with_orc_wizards_in_it, uniq_menkaure, uniq_duvessa

Skill      XL: |  1  2  3  4  5  6  7  8  9 |
---------------+----------------------------+-----
Dodging        | 2 3 4 5 |  5.0
Fighting       | 3 4 5 |  5.0
Throwing       | 3 6 9 10 | 10.0
Shields        | 1 |  1.5
Short Blades   | |  2.0
Stealth        | |  5.9

Action                   |  1- 3 |  4- 6 |  7- 9 || total
-------------------------+-------+-------+-------++-------
Melee: Dagger            |    28 |    90 |    73 ||   191
       Constrict         |     4 |    27 |    18 ||    49
       Tentacles         |     4 |    19 |    33 ||    56
       Whip              |       |       |    47 ||    47
Throw: Dart              |    16 |    37 |    30 ||    83
       Stone             |     3 |    13 |    11 ||    27
Evoke: Wand              |       |     6 |       ||     6
  Use: Scroll            |       |     3 |       ||     3
       Potion            |       |       |     4 ||     4
 Stab: Sleeping          |     8 |     8 |     4 ||    20
Armor: Skin              |     2 |     1 |     5 ||     8
Dodge: Dodged            |    12 |    52 |    97 ||   161
